 Dungeon Crawl Stone Soup version 0.26.0-10-g1f06aea511 (webtiles) character file.

Game seed: 14094360593234869373

38815 septik the Blocker (level 14, -30/115 HPs)
             Began as a Formicid Fighter on Jan 29, 2021.
             Was the Champion of Makhleb.
             Annihilated by an ettin
             ... wielding a +0 dire flail
              (36 damage)
             ... on level 15 of the Dungeon.
             The game lasted 00:55:19 (19878 turns).

septik the Blocker (Formicid Fighter)              Turns: 19878, Time: 00:55:20

Health: -30/115    AC: 21    Str: 26    XL:     14   Next: 36%
Magic:  14/14      EV: 12    Int:  8    God:    Makhleb [******]
Gold:   962        SH: 13    Dex: 13    Spells: 13/13 levels left

rFire    + . .     SeeInvis +   H - +4 battleaxe (freeze)
rCold    . . .     Faith    .   c - +0 kite shield
rNeg     . . .     Spirit   .   i - +1 plate armour (curse)
rPois    .         Reflect  .   (helmet unavailable)
rElec    .         Harm     .   W - scarf {repulsion}
rCorr    .         Rampage  .   D - +1 pair of gloves {Dex+3}
Will     +....                  n - +0 pair of boots
Stlth    ..........             O - amulet of regeneration
HPRegen  0.69/turn              (no ring)
MPRegen  0.14/turn              y - ring of protection from fire

@: repel missiles
A: permanent stasis, dig shafts and tunnels, four strong arms, antennae 3,
mutation resistance 1, shaggy fur 1
a: Dig, Shaft Self, Renounce Religion, Minor Destruction, Lesser Servant of
Makhleb, Major Destruction, Greater Servant of Makhleb


You were on level 15 of the Dungeon.
You worshipped Makhleb.
Makhleb was exalted by your worship.
You visited 2 branches of the dungeon, and saw 16 of its levels.
You also visited: Bailey.

You collected 1196 gold pieces.
You spent 234 gold pieces at shops.

Inventory:

Hand Weapons
 z - the +4 war axe "Gumiruog" {drain, rC+ Will+ Dex+3}
   (You took it off an orc wizard on level 5 of the Dungeon)

   A truly terrible weapon, it drains the life of those it strikes.
   It affects your dexterity (+3).
   It protects you from cold.
   It affects your willpower, your defense against some magical effects.
 H - a +4 battleaxe of freezing (weapon)
Armour
 c - a +0 kite shield (worn)
 i - a cursed +1 plate armour (worn)
 n - a +0 pair of boots (worn)
 t - the +3 ring mail "Zelenn" {rElec Int+3}
   (You found it on level 4 of the Dungeon)

   It affects your intelligence (+3).
   It insulates you from electricity.
 B - a +1 cloak
 D - a +1 pair of gloves of dexterity (worn)
 W - a scarf of repulsion (worn)
Jewellery
 j - an uncursed ring of protection from cold
 m - a cursed ring of teleportation
 o - an uncursed amulet of the acrobat
 y - a ring of protection from fire (right hand)
 O - an amulet of regeneration (around neck)
 R - a cursed amulet of inaccuracy {unknown}
Wands
 p - a wand of flame (54)
 r - a wand of acid (9)
 w - a wand of disintegration (29)
 E - a wand of paralysis (13)
 J - a wand of iceblast (21)
 U - a wand of polymorph (3)
Scrolls
 a - 2 scrolls of remove curse
 b - 2 scrolls of enchant weapon
 e - a scroll of amnesia
 f - 4 scrolls of teleportation
 l - 14 scrolls of identify
 q - 2 scrolls of enchant armour
 s - a scroll of fear {unknown}
 C - a scroll of acquirement
 F - a scroll of vulnerability {unknown}
 G - 2 scrolls of brand weapon {unknown}
 I - 2 scrolls of magic mapping {unknown}
 L - a scroll of fog
 Q - a scroll of silence {unknown}
 V - a scroll of torment {unknown}
Potions
 d - 2 potions of might
 g - a potion of resistance
 h - 7 potions of curing
 k - 6 potions of attraction
 u - 5 potions of flight
 v - 4 potions of brilliance {unknown}
 x - a potion of berserk rage
 A - a potion of lignification {unknown}
 K - 2 potions of cancellation {unknown}
 M - a potion of haste {unknown}
 N - a potion of experience {unknown}
 P - a potion of invisibility {unknown}
Miscellaneous
 S - a lightning rod (4/4)
 X - a phantom mirror


   Skills:
 + Level 12.1 Fighting
 + Level 11.0 Axes
 + Level 12.1 Armour
 + Level 9.9 Dodging
 - Level 12.7 Shields


You had 13 spell levels left.
You didn't know any spells.
Your spell library contained the following spells:

 Spells                   Type           Power        Failure   Level
 Animate Skeleton         Necr           0%           98%         1
 Apportation              Tloc           0%           98%         1
 Corona                   Hex            0%           98%         1
 Summon Small Mammal      Summ           0%           98%         1
 Passwall                 Tmut/Erth      0%           99%         2
 Passage of Golubria      Tloc           N/A          100%        4
 Lee's Rapid Deconstruct  Erth           0%           100%        5
 Invisibility             Hex            0%           100%        6
 Swiftness                Air            Unusable     N/A         2

Dungeon Overview and Level Annotations

Branches:
Dungeon (15/15)            Temple (1/1) D:5            Lair (0/6) D:11
    Orc (0/2) D:12         Vaults (0/5) D:14         Bailey (visited)
 Depths: D:15

Altars:
Ashenzari
Cheibriados
Dithmenos
Elyvilon
Fedhas
Gozag
Hepliaklqana
Kikubaaqudgha
Makhleb
Nemelex Xobeh
Okawaru
Qazlal
Ru
Sif Muna
Trog
Uskayaw
Vehumet
Wu Jian
Xom
Yredelemnul
Zin
The Shining One

Shops:
D:4 (   D:8 *

Annotations:
D:7 1 runed translucent door


Innate Abilities, Weirdness & Mutations

You cannot be hasted, slowed, berserked, paralysed or teleported.
You can dig through walls and to a lower floor.
Your four strong arms can wield two-handed weapons with a shield.
You have a pair of large antennae on your head. (SInv)
You are somewhat resistant to further mutation.
You are covered in fur. (AC +1)


Message History

You barely miss the tengu conjurer. The tengu conjurer barely misses you.
You block the tengu conjurer's attack.
The tengu conjurer claws you but does no damage.
The ettin closely misses you. x2
You feel much better.
The tengu conjurer hits you but does no damage.
The tengu conjurer completely misses you.
The tengu conjurer closely misses you.
The ettin hits you with a +0 dire flail!
* * * LOW HITPOINT WARNING * * *
The ettin hits you with a +0 dire flail of protection!!
* * * LOW HITPOINT WARNING * * *
Okay, then.
You hit the ettin but do no damage.
The ettin is moderately wounded.
You slash the tengu conjurer! You freeze the tengu conjurer.
The tengu conjurer hits you but does no damage.
The tengu conjurer closely misses you. x2; You block the ettin's attack.
The ettin hits you with a +0 dire flail of protection!!!
You die...

########.# #.#
#........# #.#
##.#####.# #.# #.#
### #.# #.# ###.#
#.# #*..#
#.#######.###
#.......#.# .#.
########.#@### #...#
#........#QCO#{.O..#
##.#######.#cQO# #.#
#.####.# #.# #O# {
.. #.# #.. O #.# #..
. #.# #.# #. #.# #.
#.


You could see an ettin, a tengu warrior, a centaur warrior, a two-headed ogre,
an ogre mage, a tengu conjurer, an ogre and a battlesphere.

Vanquished Creatures
  An orc warlord (Bailey)
  2 boulder beetles (D:11)
  3 vault guards (D:14)
  A catoblepas (D:13)
  3 centaur warriors
  Erica (D:10)
  4 two-headed ogres
  3 unseen horrors
  A flayed ghost (D:15)
  An orc knight (D:15)
  5 ugly things
  A deep elf mage (D:13)
  A wolf spider (D:15)
  3 cyclopes
  3 manticores
  3 gargoyles
  6 kobold demonologists
  4 centaur skeletons
  A komodo dragon (D:12)
  2 tengu conjurers
  3 trolls
  A hornet (D:9)
  6 slime creatures
  19 yaks
  3 wraiths
  A vampire (D:13)
  A shadow (D:15)
  A wyvern (D:13)
  Menkaure (D:7)
  5 vampire mosquitoes (D:14)
  2 water moccasins
  16 orc warriors
  4 ice beasts
  A sky beast (D:9)
  11 ogres
  3 black bears (D:11)
  4 phantoms
  20 centaurs
  2 big kobolds
  12 bullfrogs
  2 scorpions
  A wyvern skeleton (D:15)
  32 wights
  12 killer bees
  4 electric eels
  5 howler monkeys
  3 bullfrog zombies
  A quasit (D:10)
  8 hounds
  3 jellies
  Crazy Yiuf (D:7)
  14 orc priests
  14 orc wizards
  7 iguanas
  8 worker ants
  A centaur simulacrum (D:10)
  A hound skeleton (D:7)
  A worker ant zombie (D:5)
  A howler monkey skeleton (D:8)
  9 adders
  13 gnolls
  2 white imps
  An ufetubus (D:6)
  An adder zombie (D:8)
  3 worms
  3 dart slugs
  8 leopard geckos
  80 orcs
  5 bats
  6 giant cockroaches
  7 goblins
  9 hobgoblins
  8 jackals
  3 quokkas
  9 frilled lizards
  A jackal zombie (D:6)
  33 kobolds
  A leopard gecko skeleton (D:3)
  A quokka skeleton (D:9)
  4 rats
  A bush (D:1)
492 creatures vanquished.

Vanquished Creatures (others)
  5 dream sheep (D:4)
  An adder (D:10)
  23 fungi
  45 plants
74 creatures vanquished.

Grand Total: 566 creatures vanquished

Notes
Turn   | Place    | Note
-------+----------+-------------------------------------------
     0 | D:1      | septik the Formicid Fighter began the quest for the Orb.
     0 | D:1      | Reached XP level 1. HP: 18/18 MP: 1/1
   228 | D:1      | Reached XP level 2. HP: 14/24 MP: 2/2
  4442 | D:1      | Glimpsed the power of Zot.
  4646 | D:2      | Reached XP level 3. HP: 28/30 MP: 3/3
  5560 | D:3      | Reached XP level 4. HP: 20/37 MP: 4/4
  5733 | D:3      | Reached skill level 1 in Dodging
  5794 | D:3      | Reached XP level 5. HP: 37/42 MP: 5/5
  5848 | D:3      | Found an ornate altar of the Wu Jian Council.
  6803 | D:4      | Reached XP level 6. HP: 47/49 MP: 6/6
  6931 | D:4      | Found a glowing golden altar of the Shining One.
  6931 | D:4      | Noticed a phantom
  6960 | D:4      | Killed a phantom
  7144 | D:4      | Got a smoking ring mail
  7155 | D:4      | Identified the +3 ring mail "Zelenn" {rElec Int+3} (You
                  | found it on level 4 of the Dungeon)
  7270 | D:4      | Reached skill level 5 in Shields
  7270 | D:4      | Reached XP level 7. HP: 52/55 MP: 7/7
  7664 | D:4      | Reached skill level 5 in Fighting
  7664 | D:4      | Reached skill level 5 in Armour
  7692 | D:4      | Noticed a dream sheep
  7692 | D:4      | Noticed a dream sheep
  7692 | D:4      | Noticed a dream sheep
  7692 | D:4      | Noticed a dream sheep
  7692 | D:4      | Noticed a dream sheep
  7692 | D:4      | Found a shimmering altar of Xom.
  7698 | D:4      | Killed a dream sheep
  7698 | D:4      | Killed a dream sheep
  7698 | D:4      | Killed a dream sheep
  7698 | D:4      | Killed a dream sheep
  7698 | D:4      | Killed a dream sheep
  7961 | D:4      | Found Orooza's Weapon Shoppe.
  7964 | D:4      | Bought a +0 giant spiked club for 20 gold pieces
  8089 | D:5      | Entered Level 5 of the Dungeon
  8143 | D:5      | Found a stormy altar of Qazlal.
  8409 | D:5      | Found a basalt altar of Yredelemnul.
  8506 | D:5      | Found a staircase to the Ecumenical Temple.
  8535 | D:5      | Reached XP level 8. HP: 34/62 MP: 8/8
  8536 | D:5      | Identified the +4 war axe "Gumiruog" {drain, rC+ Will+
                  | Dex+3}
  8820 | D:5      | You fall into a shaft and drop 2 floors!
  9291 | D:6      | Reached XP level 9. HP: 30/66 MP: 9/9
  9294 | D:6      | Reached skill level 5 in Axes
  9856 | D:6      | Gained mutation: You are clumsy. (Dex -2) [potion of
                  | mutation]
  9856 | D:6      | Gained mutation: You are partially covered in slimy green
                  | scales. (AC +2) [potion of mutation]
  9856 | D:6      | Gained mutation: You have large cloven feet. [potion of
                  | mutation]
  9857 | D:6      | Lost mutation: You are clumsy. (Dex -2) [potion of
                  | mutation]
  9857 | D:6      | Lost mutation: You are partially covered in slimy green
                  | scales. (AC +2) [potion of mutation]
  9857 | D:6      | Lost mutation: You have large cloven feet. [potion of
                  | mutation]
  9857 | D:6      | Gained mutation: You are somewhat resistant to further
                  | mutation. [potion of mutation]
  9857 | D:6      | Gained mutation: You are covered in fur. (AC +1) [potion of
                  | mutation]
 10564 | Temple   | Entered the Ecumenical Temple
 10767 | Temple   | Became a worshipper of Makhleb the Destroyer
 11800 | D:7      | Found a hide-covered altar of Uskayaw.
 11801 | D:7      | Found a bloodstained altar of Trog.
 11802 | D:7      | Found an ancient bone altar of Kikubaaqudgha.
 11823 | D:7      | Found a sacrificial altar of Ru.
 11826 | D:7      | Found a sparkling altar of Nemelex Xobeh.
 12016 | D:7      | Noticed Menkaure
 12022 | D:7      | Killed Menkaure
 12032 | D:7      | Found a runed translucent door.
 12035 | D:7      | Noticed a sixfirhy
 12104 | D:7      | Found a runed translucent door.
 12105 | D:7      | Noticed Crazy Yiuf
 12398 | D:7      | Killed Crazy Yiuf
 12651 | D:8      | Found a radiant altar of Vehumet.
 12725 | D:8      | Found Adiuffai's General Store.
 12733 | D:8      | Bought a +1 pair of gloves of dexterity for 214 gold pieces
 12905 | D:8      | Found a glowing silver altar of Zin.
 12940 | D:8      | Reached skill level 5 in Dodging
 12940 | D:8      | Reached XP level 10. HP: 75/79 MP: 10/10
 13107 | D:8      | Reached * piety under Makhleb
 13181 | D:8      | Noticed a two-headed ogre
 13190 | D:8      | Killed a two-headed ogre
 13919 | D:9      | Noticed a purple ugly thing
 13928 | D:9      | Killed a purple ugly thing
 13929 | D:9      | Reached XP level 11. HP: 87/87 MP: 11/11
 14768 | D:9      | Reached ** piety under Makhleb
 14846 | D:10     | Entered Level 10 of the Dungeon
 14868 | D:10     | Noticed Erica
 14884 | D:10     | Killed Erica
 15128 | D:10     | Noticed an unseen horror
 15130 | D:10     | Found a stormy altar of Qazlal.
 15307 | D:10     | Reached skill level 10 in Shields
 15310 | D:10     | Reached *** piety under Makhleb
 15571 | D:11     | Found a flagged portal.
 15586 | Bailey   | Entered a bailey
 15591 | Bailey   | Noticed an orc warlord
 15664 | Bailey   | Found a runed translucent gate.
 15666 | Bailey   | Found a runed translucent gate.
 15670 | Bailey   | Found a runed translucent gate.
 15777 | Bailey   | Killed an orc warlord
 16135 | D:11     | Noticed a boulder beetle
 16162 | D:11     | Killed a boulder beetle
 16163 | D:11     | Reached XP level 12. HP: 52/97 MP: 12/12
 16360 | D:11     | Reached **** piety under Makhleb
 16370 | D:11     | Noticed an unseen horror
 16384 | D:11     | Found a staircase to the Lair.
 16386 | D:11     | Killed an unseen horror
 16387 | D:11     | Reached skill level 10 in Armour
 16437 | D:11     | Reached skill level 10 in Fighting
 16438 | D:11     | Noticed a boulder beetle
 16452 | D:11     | Killed a boulder beetle
 16545 | D:11     | Noticed an unseen horror
 16548 | D:11     | Killed an unseen horror
 16768 | D:12     | Reached ***** piety under Makhleb
 16787 | D:12     | Noticed a sixfirhy
 16793 | D:12     | Noticed a sixfirhy
 16797 | D:12     | Noticed a sun demon
 16916 | D:12     | Reached XP level 13. HP: 75/104 MP: 13/13
 17600 | D:12     | Found a staircase to the Orcish Mines.
 17869 | D:13     | Reached skill level 10 in Axes
 17918 | D:13     | Found an iron altar of Okawaru.
 18139 | D:13     | Noticed a catoblepas
 18177 | D:13     | Killed a catoblepas
 18464 | D:13     | Noticed a centaur warrior
 18470 | D:13     | Killed a centaur warrior
 18717 | D:14     | Found a gate to the Vaults.
 18717 | D:14     | Noticed a vault guard
 18717 | D:14     | Noticed a vault guard
 18717 | D:14     | Noticed a vault guard
 18755 | D:14     | Killed a vault guard
 18764 | D:14     | Killed a vault guard
 18785 | D:14     | Killed a vault guard
 18785 | D:14     | Reached ****** piety under Makhleb
 18891 | D:14     | Noticed a centaur warrior
 18902 | D:14     | Killed a centaur warrior
 18903 | D:14     | Reached XP level 14. HP: 108/114 MP: 14/14
 19480 | D:15     | Entered Level 15 of the Dungeon
 19539 | D:15     | Identified 2 scrolls of acquirement
 19539 | D:15     | Acquired a scarf of repulsion
 19877 | D:15     | HP: 5/115 [ettin/+0 dire flail (22)]
 19878 | D:15     | Annihilated by an ettin

Illustrated notes

Levels and vault maps discovered:
D:1:      tarquinn_simple_flora_water_d, layout_rooms, serial_forest,
          infiniplex_forest_clump_small, infiniplex_forest_clump_long,
          infiniplex_forest_straight_1, infiniplex_forest_clump_small,
          infiniplex_forest_straight_2, wander_ebering_terrifying_dragon_lair
D:2:      layout_loops_ring, serial_rivers, chequers_serial_rivers_large_b,
          chequers_serial_rivers_small_b, chequers_serial_rivers_small_a,
          chequers_serial_rivers_micro_d
D:3:      minmay_recursive_quarters, layout_basic, nzn_wu_jian_contemplation
D:4:      layout_basic, nicolae_tso_carved_into_rock, kb_xom_exploding_sheep,
          serial_shops, kennysheep_mini_moat
D:5:      cheibrodos_thug_alley, layout_layer_cave, overflow_temple_1_default,
          lemuel_crystal_altar, minmay_temple_entry_mini_moons, minmay_circle_x
D:6:      wad_woods_pond, layout_gridville, serial_rivers,
          chequers_serial_rivers_small_a, chequers_serial_rivers_micro_e,
          chequers_serial_rivers_micro_e, chequers_serial_rivers_small_3
D:7:      cheibrodos_shockbox, layout_loops_ring,
          minmay_overflow_temple_star_hex, uniq_menkaure,
          uniq_crazy_yiuf_cottage
D:8:      layout_basic, vehumet_altar_wand_db, kennysheep_little_box,
          serial_shops, shop, corexii_leaking_fountain
D:9:      layout_basic
D:10:     layout_roguey [special_room_orc], serial_ice, serial_ice_a,
          serial_ice_j, serial_ice_d, serial_ice_f, grunt_qazlal_sundering,
          uniq_erica
D:11:     layout_roguey, due_lair_maze_entry_diamond, enter_bailey_2,
          minmay_misc_feat_chi
D:12:     layout_cave_pools, david_orc_4
D:13:     layout_basic, basic_altar
D:14:     layout_basic, lightli_vaults_fourway_checkpoint
D:15:     hangedman_depths_entry_civil_slaughter, layout_basic, tgw_sif
Temple:   jpeg_temple_alley_garden

Skill      XL: |  1  2  3  4  5  6  7  8  9 10 11 12 13 14 |
---------------+-------------------------------------------+-----
Fighting       | 4 5 6 7 8 9 10 11 12 | 12.1
Armour         | 4 5 6 7 8 9 10 11 12 | 12.1
Shields        | 4 5 6 7 9 10 11 12 | 12.7
Dodging        | 1 2 3 5 6 7 8 9 |  9.9
Axes           | 3 4 6 7 8 9 10 11 | 11.0

Action                   |  1- 3 |  4- 6 |  7- 9 | 10-12 | 13-15 || total
-------------------------+-------+-------+-------+-------+-------++-------
Melee: War axe           |   218 |   116 |   286 |   102 |       ||   722
       Battleaxe         |       |       |       |   461 |   430 ||   891
Invok: Minor Destruction |       |       |       |     1 |       ||     1
 Abil: Dig               |   204 |     3 |       |     1 |       ||   208
  Use: Scroll            |     6 |       |    12 |     1 |     2 ||    21
       Potion            |       |       |     2 |     2 |     3 ||     7
Armor: Scale mail        |    23 |       |       |       |       ||    23
       Chain mail        |    25 |    71 |       |       |       ||    96
       Ring mail         |       |     4 |    66 |   175 |    21 ||   266
       Plate armour      |       |       |       |       |   173 ||   173
Dodge: Dodged            |    41 |    53 |   133 |   434 |   208 ||   869
Block: Kite shield       |    63 |    70 |   141 |   445 |   313 ||  1032
